 Dungeon Crawl Stone Soup version 0.23.2-40-g277498a001 (webtiles) character file.

Game seed: 11012598006999328821

96474 Glamhuggeren the Impaler (level 15, -4/115 HPs)
             Began as a Demonspawn Gladiator on Oct 3, 2019.
             Was the Champion of Okawaru.
             Slain by a shambling mangrove (11 damage)
             ... on level 1 of the Swamp.
             The game lasted 03:19:47 (20637 turns).

Glamhuggeren the Impaler (Demonspawn Gladiator)    Turns: 20637, Time: 03:19:48

Health: -4/115     AC: 24    Str: 22    XL:     15   Next: 69%
Magic:  19/21      EV: 18    Int:  5    God:    Okawaru [******]
Gold:   5815       SH:  0    Dex: 23    Spells: 9/14 levels left

rFire    + + +     SeeInvis +   e - +3 bardiche (flame)
rCold    + + .     Gourm    .   (shield currently unavailable)
rNeg     . . .     Faith    .   V - +4 scale mail of Midnight {rF++ rCorr Str+3}
rPois    +         Spirit   .   v - +2 hat {SInv}
rElec    .         Reflect  .   P - scarf {rC+ rF+}
rCorr    +         Harm     .   X - +4 pair of gloves of Catatonia {rPois Int-5 SInv}
MR       ++...                  J - +2 pair of boots {Fly}
Stlth    ++++......             T - amulet of Fyoduhe {rC+ Regen+ Dex+4}
HPRegen  0.69/turn              s - +3 ring of dexterity
MPRegen  0.17/turn              n - ring of protection from magic

@: heroism, grasped by roots, flying, very slightly contaminated, constricted,
repel missiles
A: horns 2, repulsion field 3, demonic guardian 2, powered by death 2
a: Heroism, Finesse, Renounce Religion, Stop Flying


You were on level 1 of the Swamp.
You worshipped Okawaru.
Okawaru was exalted by your worship.
You were not hungry.

You visited 4 branches of the dungeon, and saw 23 of its levels.

You collected 5875 gold pieces.
You spent 60 gold pieces at shops.

Inventory:

Hand Weapons
 a - the +8 trident of the Octopus King {venom, rElec rPois MR+}
   (You found it on level 4 of the Dungeon)

   It poisons the flesh of those it strikes.
   It insulates you from electricity.
   It protects you from poison.
   It affects your resistance to hostile enchantments.
 b - a +4 blowgun
 e - a +3 bardiche of flaming (weapon)
 Y - a +2 glaive of pain
Missiles
 m - 110 poisoned needles
 q - 6 silver tomahawks
 x - 19 javelins of returning (quivered)
 E - 13 javelins of penetration
 I - 13 curare-tipped needles
 S - 20 needles of confusion
Armour
 c - the +4 skin of Zhor {Hibernate rC+++ SInv}
   (You found it on level 14 of the Dungeon)

   It renders you almost immune to cold.
   It lets you see invisible.
 g - the +8 chain mail "Lassu" {Stlth+}
   (You found it on level 1 of the Lair of Beasts)

   It makes you more stealthy.
 v - a +2 hat of see invisible (worn)
 J - a +2 pair of boots of flying (worn)
 P - a scarf of resistance (worn)
 V - the +4 scale mail of Midnight (worn) {rF++ rCorr Str+3}
   (Okawaru gifted it to you on level 3 of the Lair of Beasts)

   It affects your strength (+3).
   It greatly protects you from fire.
   It provides partial protection from all sources of acid and corrosion.
 X - the +4 pair of gloves of Catatonia (worn) {rPois Int-5 SInv}
   (You found it on level 10 of the Dungeon)

   It affects your intelligence (-5).
   It protects you from poison.
   It lets you see invisible.
Jewellery
 n - a ring of protection from magic (right hand)
 s - a +3 ring of dexterity (left hand)
 u - an uncursed ring of positive energy
 A - an uncursed amulet of faith {unknown}
 T - the amulet of Fyoduhe (around neck) {rC+ Regen+ Dex+4}
   (You found it on level 9 of the Dungeon)

   [amulet of regeneration]

   It affects your dexterity (+4).
   It protects you from cold.
   It increases your rate of regeneration.
Wands
 h - a wand of digging (8)
 i - a wand of flame (51)
 o - a wand of polymorph (8)
 t - a wand of iceblast (55)
 O - a wand of paralysis (25)
 W - a wand of disintegration (6)
Scrolls
 d - a scroll of fear
 l - 2 scrolls of enchant weapon
 r - a scroll of acquirement
 w - 5 scrolls of remove curse
 B - a scroll of blinking
 D - 5 scrolls of identify
 F - a scroll of brand weapon
 H - 3 scrolls of fog
 K - 10 scrolls of teleportation
 M - 3 scrolls of enchant armour
Potions
 j - 3 potions of curing
 k - a potion of cancellation
 p - 2 potions of brilliance
 z - 5 potions of ambrosia
 C - 4 potions of might
 G - 2 potions of flight
 L - a potion of berserk rage
 Q - a potion of haste
 Z - 2 potions of resistance
Miscellaneous
 y - a lightning rod (4/4)
Comestibles
 f - 44 rations


   Skills:
 - Level 10.0(15.0) Fighting
   Level 5.5(10.5) Long Blades
 * Level 17.2(22.2) Polearms
 - Level 10.0(15.0) Throwing
 + Level 6.0(11.0) Armour
 - Level 3.0(8.0) Dodging
 - Level 5.0(10.0) Stealth
 - Level 9.8 Necromancy
 - Level 9.0 Invocations


You had 9 spell levels left.
You knew the following spells:

 Your Spells              Type           Power        Failure   Level  Hunger
a - Agony                 Necr           #.......     50%         5    ######.

Your spell library contained the following spells:

 Spells                   Type           Power        Failure   Level  Hunger
 Corpse Rot               Necr           N/A          3%          2    ###....
 Sublimation of Blood     Necr           #.........   3%          2    ###....
 Dispel Undead            Necr           #.......     50%         5    ######.
 Shock                    Conj/Air       #...         75%         1    ##.....
 Ensorcelled Hibernation  Hex/Ice        #.....       86%         2    ###....
 Bolt of Draining         Conj/Necr      #.........   99%         5    ######.
 Excruciating Wounds      Chrm/Necr      #.........   99%         5    ######.
 Ice Form                 Ice/Tmut       #.......     100%        4    #####..
 Summon Lightning Spire   Summ/Air       #.......     100%        4    #####..
 Conjure Ball Lightning   Conj/Air       #.........   100%        6    #######


Dungeon Overview and Level Annotations

Branches:
Dungeon (15/15)            Temple (1/1) D:7            Lair (6/6) D:10
  Swamp (1/4) Lair:4       Spider (0/4) Lair:4        Slime (0/5) Lair:5
    Orc (0/2) D:9          Vaults (0/5) D:13         Depths (0/5) D:15

Altars:
Ashenzari
Cheibriados
Dithmenos
Elyvilon
Fedhas
Gozag
Hepliaklqana
Kikubaaqudgha
Makhleb
Nemelex Xobeh
Okawaru
Qazlal
Ru
Sif Muna
Trog
Uskayaw
Vehumet
Wu Jian
Xom
Yredelemnul
Zin
The Shining One
Jiyva

Shops:
D:6 !   D:14 %

Annotations:
D:4 god trident
D:13 3 runed translucent doors


Innate Abilities, Weirdness & Mutations

You have a pair of horns on your head.
You are surrounded by a strong repulsion field. (EV +4, RMsl)
A demonic guardian rushes to your aid.
You regenerate health from kills.


Message History

The grasping roots constrict you.
You feel better.
Your sixfirhy hits the alligator!
Your sixfirhy shocks the alligator!
Your sixfirhy splashes around in the water.
Your sixfirhy hits the alligator.
Your sixfirhy shocks the alligator!
The alligator bites you!
* * * LOW HITPOINT WARNING * * *
The alligator tail-slaps you but does no damage.
Okay, then.
Blink to where?
Press: ? - help, Dir - move target cursor, p - shambling mangrove You escape the roots' grasp.
You are very lightly contaminated with residual magic.
As you read the scroll of blinking, it crumbles to dust.
Your sixfirhy hits the alligator.
Your sixfirhy shocks the alligator!
Your sixfirhy splashes around in the water.
Your sixfirhy hits the alligator!
Your sixfirhy shocks the alligator!
Roots burst forth from the earth!
The grasping roots grab you!
You die...

..?..≈. ♣ ###♣♣#3tf♣ .#♣
...≈....§♣♣...♣
.≈..§.≈.#....#
≈≈.≈≈.≈...(..#
..≈≈≈≈♣.#......♣
....≈♣♣.######♣♣
≈....♣♣...♣≈.♣
≈%.≈...@.≈♣♣≈♣
......≈≈.....♣♣
≈≈...≈≈≈..≈≈≈..≈≈.♣
≈≈≈≈....≈≈≈≈≈≈≈...≈.≈≈≈♣
≈≈≈≈..≈.≈≈≈≈♣♣≈≈≈.≈.≈≈.♣
..... ♣≈≈≈≈♣♣≈≈≈...≈..♣
≈♣.. ♣.≈≈≈≈≈≈≈≈≈≈≈≈.♣
.≈♣♣ ♣..≈≈≈≈≈≈≈≈≈≈≈.♣
..≈♣ ♣≈..≈≈≈≈≈≈≈≈≈..♣


You could see a shambling mangrove, an alligator and a friendly sixfirhy.

Vanquished Creatures
  Kirke (D:13)
  Azrael (D:13)
  Snorg (Lair:3)
  An ettin (D:15)
  The ghost of Snarbu88 the Grappler, a journeyman TrFi of Okawaru (Lair:1)
  The ghost of fritzmikael the Cleaver, a journeyman DDFi of Makhleb (Lair:1)
  Erica (Lair:2)
  4 hydras
  A catoblepas (D:14)
  4 centaur warriors
  4 two-headed ogres
  3 death yaks (Lair:6)
  5 alligators (Swamp:1)
  A tengu warrior (D:15)
  6 unseen horrors
  A wizard (D:15)
  A deep elf mage (D:14)
  6 oklob plants (Lair:1)
  17 ugly things
  An orb spider (Lair:4)
  An orc sorcerer (D:15)
  An elephant (Lair:6)
  3 cyclopes
  A manticore (D:14)
  6 black mambas
  4 molten gargoyles (D:11)
  3 centaur zombies
  The ghost of MalarOregon the Magician, a novice DrWz of Gozag (D:8)
  A gargoyle (D:12)
  6 spiny frogs
  A kobold demonologist (D:12)
  5 komodo dragons
  A freezing wraith (D:14)
  A rime drake (Lair:4)
  5 trolls
  A queen bee (shapeshifter) (D:14)
  2 meliai (D:15)
  5 polar bears
  2 tyrant leeches (Swamp:1)
  4 hornets
  5 bog bodies
  3 slime creatures
  12 blink frogs
  A dream sheep (Lair:6)
  4 hippogriffs
  25 spriggans
  5 wyverns
  A vampire (D:12)
  2 wraiths
  A centaur simulacrum (D:14)
  A human (D:9)
  A shadow (D:12)
  A fire elemental (D:13)
  2 basilisks
  8 hogs
  3 hungry ghosts
  46 yaks
  4 vampire mosquitoes
  A steam dragon (D:10)
  6 insubstantial wisps (Swamp:1)
  7 swamp worms
  2 acid dragons
  10 water moccasins
  3 hell hounds (D:13)
  10 porcupines
  2 ice beasts
  A swamp drake (Swamp:1)
  5 black bears
  4 orc warriors
  3 sky beasts
  2 phantoms
  2 necrophages
  16 wolves
  3 boggarts (Lair:6)
  8 centaurs
  7 ogres
  8 crocodiles
  2 big kobolds
  11 bullfrogs
  A wyvern zombie (D:9)
  2 wyvern skeletons
  8 scorpions
  54 killer bees
  A howler monkey (D:13)
  3 wights (D:14)
  An electric eel (Lair:4)
  6 crimson imps
  A quasit (D:12)
  6 hounds
  6 jellies
  2 bullfrog skeletons
  9 centaur skeletons
  5 orc priests
  5 iguanas
  8 orc wizards
  7 worker ants
  A killer bee zombie (D:8)
  3 hound skeletons
  A howler monkey zombie (D:9)
  2 worker ant zombies
  8 gnolls
  A howler monkey skeleton (D:10)
  16 adders
  5 shadow imps
  An ooze (D:3)
  An adder skeleton (D:5)
  A worm (D:2)
  8 leopard geckos
  31 orcs
  5 giant cockroaches
  9 goblins
  9 hobgoblins
  7 jackals
  19 kobolds
  6 quokkas
  A ball python zombie (D:6)
  6 frilled lizards
  A leopard gecko skeleton (D:9)
  A leopard gecko zombie (D:3)
  6 rats
  A plant (Lair:1)
628 creatures vanquished.

Vanquished Creatures (collateral kills)
  Erolcha (D:11)
  Harold (D:10)
  The ghost of Cykl0x the Carver, a journeyman FoFi of Makhleb (D:11)
  A hydra (D:14)
  A centaur warrior (D:15)
  5 two-headed ogres
  The ghost of Zawski the Carver, a novice DsCK of Xom (Lair:1)
  Sonja (D:10)
  A necromancer (D:13)
  3 ugly things
  3 elephants (Lair:6)
  A spiny frog (Lair:6)
  A gargoyle (D:15)
  2 komodo dragons
  A troll (D:14)
  A meliai (D:15)
  A hornet (Lair:6)
  2 polar bears
  A dream sheep (Lair:6)
  5 hippogriffs
  8 slime creatures
  A spriggan (Lair:6)
  18 yaks
  A fire elemental (D:13)
  A hog (D:13)
  A basilisk (D:13)
  Grum (D:10)
  A floating eye (Lair:1)
  2 porcupines (D:10)
  An orc warrior (D:15)
  6 wolves
  A boggart (Lair:6)
  3 centaurs (D:11)
  A big kobold (D:8)
  A bullfrog (D:9)
  A gnoll sergeant (D:6)
  A scorpion (D:11)
  2 killer bees
  A howler monkey (D:13)
  A crimson imp (D:4)
  A quasit (D:11)
  An orc priest (D:10)
  3 orc wizards
  An iguana (D:9)
  A killer bee zombie (D:6)
  An adder (D:10)
  3 gnolls
  5 orcs
  3 jackals (D:3)
  A kobold (D:8)
107 creatures vanquished.

Vanquished Creatures (others)
  A hound skeleton (D:7)
  2 fungi (Lair:3)
3 creatures vanquished.

Grand Total: 738 creatures vanquished

Notes
Turn   | Place    | Note
-------+----------+-------------------------------------------
     0 | D:1      | Glamhuggeren the Demonspawn Gladiator began the quest for
                  | the Orb.
     0 | D:1      | Reached XP level 1. HP: 16/16 MP: 1/1
   305 | D:1      | Gained mutation: You regenerate a little health from kills.
                  | [demonic ancestry]
   305 | D:1      | Reached XP level 2. HP: 22/22 MP: 2/2
   853 | D:2      | Gained mutation: A weak demonic guardian rushes to your
                  | aid. [demonic ancestry]
   853 | D:2      | Reached XP level 3. HP: 27/28 MP: 3/3
  1249 | D:3      | Gained mutation: You regenerate health from kills. [demonic
                  | ancestry]
  1249 | D:3      | Reached XP level 4. HP: 34/34 MP: 4/4
  1380 | D:3      | Reached XP level 5. HP: 25/41 MP: 5/5
  1451 | D:3      | Found a hazy altar of Hepliaklqana.
  2391 | D:4      | Found the +8 trident of the Octopus King {venom, rElec
                  | rPois MR+}
  2406 | D:4      | Gained mutation: You are surrounded by a mild repulsion
                  | field. (EV +2) [demonic ancestry]
  2406 | D:4      | Reached XP level 6. HP: 47/48 MP: 6/6
  2535 | D:4      | Reached skill level 5 in Long Blades
  2567 | D:4      | Found an opulent altar of Gozag.
  2568 | D:4      | Found a glowing silver altar of Zin.
  2654 | D:4      | Found an ornate altar of the Wu Jian Council.
  3037 | D:5      | Entered Level 5 of the Dungeon
  3460 | D:5      | Gained mutation: You are surrounded by a moderate repulsion
                  | field. (EV +3) [demonic ancestry]
  3460 | D:5      | Reached XP level 7. HP: 55/55 MP: 7/7
  3478 | D:5      | Noticed a +0 hand axe
  3483 | D:5      | Noticed a +0 dagger
  3484 | D:5      | Found a hide-covered altar of Uskayaw.
  3500 | D:5      | Found an iron altar of Okawaru.
  3520 | D:5      | Found a bloodstained altar of Trog.
  3532 | D:5      | Reached skill level 1 in Polearms
  3717 | D:5      | Became a worshipper of Warmaster Okawaru
  3774 | D:6      | Reached skill level 2 in Polearms
  3803 | D:6      | Reached skill level 1 in Invocations
  4218 | D:6      | Found Cocisos's Distillery.
  4227 | D:6      | Bought a potion of might for 60 gold pieces
  4269 | D:6      | Reached skill level 5 in Fighting
  4269 | D:6      | Reached skill level 3 in Polearms
  4295 | D:6      | Reached * piety under Okawaru
  4295 | D:6      | Reached XP level 8. HP: 51/62 MP: 9/9
  5222 | D:7      | Found a staircase to the Ecumenical Temple.
  5231 | Temple   | Entered the Ecumenical Temple
  5423 | D:7      | Got a smoking rapier
  5424 | D:7      | Identified the +8 rapier of Xiquafai {flame, Str+3} (You
                  | found it on level 7 of the Dungeon)
  5691 | D:8      | Reached skill level 4 in Polearms
  6018 | D:8      | Noticed MalarOregon's ghost (novice DrWz)
  6030 | D:8      | Found a transporter.
  6033 | D:8      | Reached ** piety under Okawaru
  6033 | D:8      | Reached skill level 5 in Polearms
  6061 | D:8      | Found a transporter.
  6332 | D:9      | Noticed a troll
  6341 | D:9      | Killed a troll
  6341 | D:9      | Reached skill level 5 in Throwing
  6342 | D:9      | Reached skill level 6 in Polearms
  6342 | D:9      | Gained mutation: You have a pair of small horns on your
                  | head. [demonic ancestry]
  6342 | D:9      | Reached XP level 9. HP: 50/68 MP: 12/12
  6424 | D:9      | Noticed a troll
  6763 | D:9      | Killed a troll
  6942 | D:9      | Got a smoking bone amulet
  6946 | D:9      | Noticed a troll
  6947 | D:9      | Noticed a centaur warrior
  6953 | D:9      | Killed a centaur warrior
  6953 | D:9      | Reached *** piety under Okawaru
  6953 | D:9      | Received a gift from Okawaru
  6953 | D:9      | Reached skill level 7 in Polearms
  6961 | D:9      | Reached skill level 8 in Polearms
  7345 | D:8      | Killed MalarOregon's ghost
  7345 | D:8      | Reached **** piety under Okawaru
  7433 | D:9      | Reached XP level 10. HP: 70/74 MP: 13/13
  7469 | D:9      | Killed an unseen horror
  7469 | D:9      | Reached skill level 9 in Polearms
  7645 | D:9      | Received a gift from Okawaru
  7655 | D:9      | Identified the amulet of Fyoduhe {rC+ Regen+ Dex+4} (You
                  | found it on level 9 of the Dungeon)
  7877 | D:9      | Identified Kaklar's Grimoire of Lightness and Cold
  7919 | D:9      | Reached ***** piety under Okawaru
  8000 | D:9      | Reached skill level 10 in Polearms
  8145 | D:9      | Received a gift from Okawaru
  8274 | D:9      | Found a staircase to the Orcish Mines.
  8370 | D:9      | Received a gift from Okawaru
  8476 | D:9      | Reached skill level 11 in Polearms
  8476 | D:9      | Gained mutation: A demonic guardian rushes to your aid.
                  | [demonic ancestry]
  8476 | D:9      | Reached XP level 11. HP: 71/79 MP: 14/14
  8491 | D:9      | Received a gift from Okawaru
  8579 | D:10     | Entered Level 10 of the Dungeon
  8687 | D:10     | Noticed Sonja
  8695 | D:10     | Killed Sonja
  8700 | D:10     | Received a gift from Okawaru
  8898 | D:10     | Noticed Harold
  8909 | D:10     | Killed Harold
  9123 | D:10     | Reached ****** piety under Okawaru
  9209 | D:10     | Reached skill level 12 in Polearms
  9255 | D:10     | Killed an unseen horror
  9255 | D:10     | Received a gift from Okawaru
  9340 | D:10     | Found a staircase to the Lair.
  9379 | D:10     | Got a pair of dazzling gloves
  9386 | D:10     | Identified the +4 pair of gloves of Catatonia {rPois Int-5
                  | SInv} (You found it on level 10 of the Dungeon)
  9489 | D:10     | Noticed Grum
  9504 | D:10     | Killed Grum
  9637 | D:11     | Found a transporter.
  9647 | D:11     | Noticed an unseen horror
  9648 | D:11     | Noticed Cykl0x's ghost (journeyman FoFi)
  9651 | D:11     | Killed an unseen horror
  9667 | D:11     | Found a transporter.
  9697 | D:11     | Received a gift from Okawaru
  9768 | D:11     | Received a gift from Okawaru
  9783 | D:11     | Killed Cykl0x's ghost
  9905 | D:11     | Reached skill level 10 in Throwing
  9932 | D:11     | Received a gift from Okawaru
  9932 | D:11     | Reached skill level 13 in Polearms
  9932 | D:11     | Gained mutation: You have a pair of horns on your head.
                  | [demonic ancestry]
  9932 | D:11     | Reached XP level 12. HP: 27/86 MP: 12/15
  9995 | D:11     | Noticed a two-headed ogre
 10000 | D:11     | Killed a two-headed ogre
 10142 | D:11     | Noticed a two-headed ogre
 10146 | D:11     | Killed a two-headed ogre
 10146 | D:11     | Received a gift from Okawaru
 10161 | D:11     | Noticed Erolcha
 10169 | D:11     | Killed Erolcha
 10383 | D:12     | Received a gift from Okawaru
 10488 | D:12     | Noticed a two-headed ogre
 10494 | D:12     | Killed a two-headed ogre
 10536 | D:12     | Reached skill level 14 in Polearms
 10622 | D:12     | Noticed a two-headed ogre
 10628 | D:12     | Killed a two-headed ogre
 10628 | D:12     | Received a gift from Okawaru
 10628 | D:12     | Reached skill level 1 in Stealth
 10628 | D:12     | Reached skill level 5 in Invocations
 10676 | D:12     | Received a gift from Okawaru
 10809 | D:12     | Noticed a two-headed ogre
 10817 | D:12     | Killed a two-headed ogre
 10824 | D:12     | Learned a level 5 spell: Agony
 11434 | D:12     | Reached skill level 1 in Necromancy
 11601 | D:13     | Noticed a two-headed ogre
 11604 | D:13     | Killed a two-headed ogre
 11622 | D:13     | Found a gate to the Vaults.
 11622 | D:13     | Noticed a two-headed ogre
 11629 | D:13     | Killed a two-headed ogre
 11669 | D:13     | Noticed a two-headed ogre
 11678 | D:13     | Killed a two-headed ogre
 11678 | D:13     | Received a gift from Okawaru
 11734 | D:13     | Noticed Azrael
 11754 | D:13     | Killed Azrael
 11754 | D:13     | Reached XP level 13. HP: 64/94 MP: 16/19
 11874 | D:13     | Noticed Kirke
 11898 | D:13     | Killed Kirke
 11898 | D:13     | Received a gift from Okawaru
 11965 | D:13     | Found a runed translucent gate.
 11965 | D:13     | Found a runed translucent gate.
 11965 | D:13     | Found a runed translucent gate.
 11965 | D:13     | Noticed a red very ugly thing
 11965 | D:13     | Noticed a red very ugly thing
 12567 | D:14     | Reached skill level 5 in Stealth
 12694 | D:14     | Reached skill level 5 in Necromancy
 12747 | D:14     | Found Vaonus's Food Shoppe.
 12752 | D:14     | Found the +4 skin of Zhor {Hibernate rC+++ SInv}
 12791 | D:14     | Received a gift from Okawaru
 13273 | D:15     | Entered Level 15 of the Dungeon
 13682 | D:15     | Noticed an ettin
 13706 | D:15     | Killed an ettin
 13706 | D:15     | Received a gift from Okawaru
 13706 | D:15     | Reached skill level 15 in Polearms
 13706 | D:15     | Gained mutation: You are surrounded by a strong repulsion
                  | field. (EV +4, RMsl) [demonic ancestry]
 13706 | D:15     | Reached XP level 14. HP: 92/106 MP: 15/20
 13984 | D:15     | Found a staircase to the Depths.
 14396 | Lair:1   | Entered Level 1 of the Lair of Beasts
 14451 | Lair:1   | Identified a scroll of acquirement
 14858 | Lair:1   | Got a bronze chain mail
 14882 | Lair:1   | Identified the +8 chain mail "Lassu" {Stlth+} (You found it
                  | on level 1 of the Lair of Beasts)
 15006 | Lair:1   | Found a runed translucent gate.
 15007 | Lair:1   | Found a runed translucent gate.
 15008 | Lair:1   | Found a runed translucent gate.
 15009 | Lair:1   | Noticed Snarbu88's ghost (journeyman TrFi)
 15009 | Lair:1   | Noticed fritzmikael's ghost (journeyman DDFi)
 15009 | Lair:1   | Noticed Zawski's ghost (novice DsCK)
 15030 | Lair:1   | Killed Zawski's ghost
 15052 | Lair:1   | Killed fritzmikael's ghost
 15070 | Lair:1   | Killed Snarbu88's ghost
 15169 | Lair:1   | Got a crude shortbow
 15170 | Lair:1   | Identified the +4 shortbow of Chaos {speed, rPois rN+++
                  | Int+3 Dex-3} (You found it on level 1 of the Lair of
                  | Beasts)
 15289 | Lair:1   | Reached skill level 1 in Armour
 15745 | Lair:2   | Received a gift from Okawaru
 15810 | Lair:2   | Noticed Erica
 15824 | Lair:2   | Killed Erica
 16562 | Lair:3   | Noticed Snorg
 16571 | Lair:3   | Killed Snorg
 16689 | Lair:3   | Reached skill level 16 in Polearms
 16792 | Lair:3   | Received a gift from Okawaru
 16951 | Lair:3   | Reached skill level 10 in Fighting
 16956 | Lair:3   | Received a gift from Okawaru
 16957 | Lair:3   | Got a distressingly furry scale mail {god gift}
 17282 | Lair:3   | Reached XP level 15. HP: 106/115 MP: 18/21
 17301 | Lair:3   | Identified the +4 scale mail of Midnight {rF++ rCorr Str+3}
                  | (Okawaru gifted it to you on level 3 of the Lair of Beasts)
 17537 | Lair:4   | Found a hole to the Spider Nest.
 18004 | Lair:4   | Got an opalescent robe
 18015 | Lair:4   | Identified the +1 robe "Soterys" {Int+3} (You found it on
                  | level 4 of the Lair of Beasts)
 18194 | Lair:4   | Found a staircase to the Swamp.
 18885 | Lair:5   | Found a viscous altar of Jiyva.
 18885 | Lair:5   | Found a staircase to the Slime Pits.
 19015 | Lair:6   | Entered Level 6 of the Lair of Beasts
 19711 | Lair:6   | Received a gift from Okawaru
 19814 | Lair:6   | Reached skill level 5 in Armour
 20211 | Swamp:1  | Entered Level 1 of the Swamp
 20267 | Swamp:1  | Reached skill level 17 in Polearms
 20348 | Swamp:1  | Received a gift from Okawaru
 20350 | Swamp:1  | Got a faintly glowing hunting sling {god gift}
 20351 | Swamp:1  | Identified the +1 hunting sling of Conflict {freeze, rC+}
                  | (Okawaru gifted it to you on level 1 of the Swamp)
 20637 | Swamp:1  | Slain by a shambling mangrove

Skill      XL: |  1  2  3  4  5  6  7  8  9 10 11 12 13 14 15 |
---------------+----------------------------------------------+-----
Throwing       | 2 3 5 6 8 10 | 10.0
Long Blades    | 3 4 5 |  5.5
Dodging        | 3 |  3.0
Fighting       | 3 4 5 6 8 10 | 10.0
Polearms       | 3 6 8 11 13 14 15 16 17 | 17.2
Invocations    | 2 4 8 9 |  9.0
Stealth        | 3 5 |  5.0
Necromancy     | 3 6 9 |  9.8
Armour         | 3 6 |  6.0

Action                   |  1- 3 |  4- 6 |  7- 9 | 10-12 | 13-15 || total
-------------------------+-------+-------+-------+-------+-------++-------
Melee: Long sword        |    28 |       |       |       |       ||    28
       Dagger            |    67 |   190 |   125 |       |       ||   382
       Trident           |       |       |   166 |   645 |  1240 ||  2051
       Headbutt          |       |       |    15 |   147 |   360 ||   522
       Punch             |       |       |       |     1 |     7 ||     8
       Glaive            |       |       |       |    10 |   195 ||   205
       Bardiche          |       |       |       |       |    11 ||    11
 Fire: Blowgun           |       |     6 |    10 |     6 |    26 ||    48
Throw: Throwing net      |       |     1 |     1 |     1 |       ||     3
       Stone             |       |     1 |     1 |       |       ||     2
       Tomahawk          |       |       |       |    17 |       ||    17
       Javelin           |       |       |       |    11 |    42 ||    53
Invok: Heroism           |       |       |     1 |     5 |     8 ||    14
       Finesse           |       |       |       |       |     5 ||     5
 Abil: Stop Flying       |       |       |       |       |     2 ||     2
       Evoke Flight      |       |       |       |       |     2 ||     2
Evoke: Wand              |       |       |     1 |       |     1 ||     2
       Box of beasts     |       |       |       |       |     1 ||     1
       Lightning rod     |       |       |       |       |     1 ||     1
  Use: Potion            |     1 |     1 |     8 |     6 |    12 ||    28
       Scroll            |       |     8 |     4 |    10 |     4 ||    26
 Stab: Distracted        |       |     1 |     3 |     6 |     7 ||    17
       Sleeping          |       |     1 |     3 |     8 |    17 ||    29
       Held in net/web   |       |       |       |     3 |       ||     3
  Eat: Chunk             |     1 |     4 |     5 |    13 |    20 ||    43
       Ration            |       |     1 |     3 |       |     3 ||     7
Armor: Leather armour    |    12 |    26 |    32 |     4 |       ||    74
       Troll leather arm |       |       |       |    52 |    16 ||    68
       Animal skin       |       |       |       |       |    24 ||    24
       Chain mail        |       |       |       |       |   204 ||   204
       Scale mail        |       |       |       |       |   128 ||   128
Dodge: Dodged            |    51 |   101 |   222 |   265 |   606 ||  1245
       Deflected         |       |     2 |     2 |    19 |    23 ||    46
       Rpst.: Long sword |     5 |       |       |       |       ||     5
